 Dungeon Sprint DCSS version 0.23-a0-151-gf6d1ed2 (webtiles) character file.

51805 emperorscorpion the Archmage (level 14, -1/80 HPs)
             Began as a Deep Elf Air Elementalist on Sept 8, 2018.
             Was the Champion of Sif Muna.
             Killed by an exploding ball lightning (10 damage)
             ... created by the player character
             ... in the Dungeon (Sprint IX: "|||||||||||||||||||||||||||||") on Sept 9, 2018.
             The game lasted 00:32:32 (1732 turns).

emperorscorpion the Archmage (DEAE)                 Turns: 1732, Time: 00:32:34

Health: -1/80      AC: 14    Str:  5    XL:     14   Next: 24%
Magic:  4/47       EV: 12    Int: 31    God:    Sif Muna [******]
Gold:   424        SH:  0    Dex: 21    Spells: 21/67 levels left

rFire    . . .     SeeInvis .   a - +6 falchion of Ashenzari's Generosity {slice, rElec rC+ MR+ Int+2}
rCold    + . .     Gourm    .   (no shield)
rNeg     . . .     Faith    .   n - +0 troll leather armour
rPois    .         Spirit   .   H - +2 helmet "Vayhugism" {rElec Dex+6}
rElec    +         Reflect  .   C - +1 cloak
rCorr    .         Harm     .   q - +0 pair of gloves
MR       ++...     NoTele   +   I - +1 pair of boots {Fly}
Stlth    ++........             (no amulet)
HPRegen  0.63/turn              s - +2 ring of protection
MPRegen  0.30/turn              t - +3 ring of intelligence

@: swift, flying, deflect missiles, quick
A: no striking features
a: Divine Energy, Channel Magic, Forget Spell, Renounce Religion, Stop Flying


You were in the Dungeon.
You worshipped Sif Muna.
Sif Muna was exalted by your worship.
You were not hungry.

You visited 1 branch You collected 1933 gold pieces.
You spent 1509 gold pieces at shops.

Inventory:

Hand Weapons
 a - the +6 falchion of Ashenzari's Generosity (weapon) {slice, rElec rC+ MR+ Int+2}
   (You bought it in a shop in the Dungeon)

   It inflicts extra damage upon your enemies.
   It affects your intelligence (+2).
   It protects you from cold.
   It insulates you from electricity.
   It affects your resistance to hostile enchantments.
 j - a +0 dagger
 p - a +2 scimitar of flaming
 F - a +2 rapier of electrocution
 G - the +2 arbalest "Dorrub" {velocity, rC+ rN+}
   (You bought it in a shop in the Dungeon)

   Any bolt fired from it inflicts extra damage.
   It protects you from cold.
   It protects you from negative energy.
Armour
 n - a +0 troll leather armour (worn)
 o - a +0 robe
 q - a +0 pair of gloves (worn)
 r - a +0 cloak
 A - a +0 pair of boots
 B - a +0 helmet
 C - a +1 cloak (worn)
 H - the +2 helmet "Vayhugism" (worn) {rElec Dex+6}
   (You bought it in a shop in the Dungeon)

   It affects your dexterity (+6).
   It insulates you from electricity.
 I - a +1 pair of boots of flying (worn)
 Q - a +2 robe of fire resistance
Magical Staves
 b - an uncursed staff of energy
Jewellery
 s - a +2 ring of protection (left hand)
 t - a +3 ring of intelligence (right hand)
 D - an uncursed ring of fire
 E - an uncursed ring of fire
 J - an uncursed ring of fire
Wands
 m - a wand of acid (8)
 P - a wand of scattershot (7)
Scrolls
 i - 2 scrolls of blinking
 k - 7 scrolls of remove curse
 l - 2 scrolls of amnesia
 x - a scroll of identify
 y - 6 scrolls of enchant armour
 z - 4 scrolls of fog
 N - 2 scrolls of enchant weapon
Potions
 d - 6 potions of curing
 e - 6 potions of heal wounds
 f - 2 potions of haste
 g - 4 potions of magic
 h - a potion of invisibility
 u - 2 potions of mutation
 v - a potion of agility
 K - 2 potions of brilliance
 L - a potion of resistance
 M - a potion of might
Miscellaneous
 w - a phial of floods
Comestibles
 c - 12 rations
 O - 11 chunks of flesh


   Skills:
 * Level 6.4 Fighting
 - Level 2.4 Dodging
 - Level 2.4 Stealth
 O Level 27 Spellcasting
 + Level 18.2 Conjurations
 * Level 8.8 Charms
 * Level 7.6 Necromancy
 - Level 8.0 Translocations
 + Level 15.4 Air Magic
 * Level 19.4 Invocations


You had 21 spell levels left.
You knew the following spells:

 Your Spells              Type           Power        Failure   Level  Hunger
a - Shock                 Conj/Air       ####         0%          1    None
b - Swiftness             Chrm/Air       #######.     0%          2    None
c - Airstrike             Air            #######...   0%          4    None
d - Lightning Bolt        Conj/Air       #######...   1%          5    None
e - Dispel Undead         Necr           ######..     1%          5    None
f - Excruciating Wounds   Chrm/Necr      #######...   1%          5    None
g - Deflect Missiles      Chrm/Air       #######...   1%          6    None
h - Conjure Ball Lightni  Conj/Air       #######...   1%          6    None
i - Force Lance           Conj/Tloc      #######.     1%          4    None
j - Chain Lightning       Conj/Air       #######...   6%          8    #......

Your spell library contained the following spells:

 Spells                   Type           Power        Failure   Level  Hunger
 Magic Dart               Conj           ####         0%          1    None
 Searing Ray              Conj           ######       0%          2    None
 Static Discharge         Conj/Air       #######.     0%          3    None
 Iskenderun's Mystic Bla  Conj           ########     0%          4    None
 Animate Skeleton         Necr           N/A          1%          1    None
 Apportation              Tloc           ######       1%          1    None
 Confusing Touch          Hex            #####.       1%          1    None
 Flame Tongue             Conj/Fire      #####        1%          1    None
 Sting                    Conj/Pois      ####         1%          1    None
 Summon Butterflies       Summ           #####...     1%          1    None
 Summon Small Mammal      Summ           ####         1%          1    None
 Poisonous Vapours        Pois/Air       ######       1%          2    None
 Slow                     Hex            #####...     1%          2    None
 Sublimation of Blood     Necr           ######....   1%          2    None
 Throw Flame              Conj/Fire      ######       1%          2    None
 Throw Frost              Conj/Ice       ######       1%          2    None
 Conjure Flame            Conj/Fire      #######.     1%          3    None
 Mephitic Cloud           Conj/Pois/Air  #######.     1%          3    None
 Recall                   Summ/Tloc      N/A          1%          3    None
 Stone Arrow              Conj/Erth      ######       1%          3    None
 Fulminant Prism          Conj/Hex       #######...   1%          4    None
 Sticky Flame             Conj/Fire      #######.     1%          4    None
 Summon Lightning Spire   Summ/Air       ######..     1%          4    None
 Throw Icicle             Conj/Ice       #######.     1%          4    None
 Bolt of Draining         Conj/Necr      #######...   1%          5    None
 Fireball                 Conj/Fire      #######...   1%          5    None
 Irradiate                Conj/Tmut      #######...   1%          5    None
 Iskenderun's Battlesphe  Conj/Chrm      #######.     1%          5    None
 Silence                  Hex/Air        ######....   1%          5    None
 Freezing Cloud           Conj/Ice/Air   #######...   1%          6    None
 Orb of Destruction       Conj           ########..   1%          7    None
 Ignite Poison            Fire/Tmut/Pois #####...     2%          3    None
 Inner Flame              Hex/Fire       #####...     2%          3    None
 Summon Guardian Golem    Hex/Summ       #####...     2%          3    None
 Tukima's Dance           Hex            #####...     2%          3    None
 Bolt of Cold             Conj/Ice       #######...   3%          6    None
 Iron Shot                Conj/Erth      #######...   3%          6    None
 Summon Forest            Summ/Tloc      ######....   4%          5    None
 Petrify                  Tmut/Erth      #####...     10%         4    None
 Spellforged Servitor     Conj/Summ      #######...   19%         7    None
 Alistair's Intoxication  Tmut/Pois      #####...     26%         5    None
 Aura of Abjuration       Summ           #####.....   26%         5    None
 Lee's Rapid Deconstruct  Erth           #####.....   26%         5    None
 Summon Demon             Summ           #####.....   26%         5    None
 Summon Mana Viper        Hex/Summ       #####...     26%         5    None
 Ring of Flames           Chrm/Fire      ######....   80%         7    None
 Darkness                 Hex            #####.....   82%         6    None
 Malign Gateway           Summ/Tloc      ######....   83%         7    None
 Lehudib's Crystal Spear  Conj/Erth      #######...   83%         8    #......
 Haunt                    Necr/Summ      ######....   86%         7    None
 Tornado                  Air            #######...   86%         9    ####...
 Death's Door             Chrm/Necr      #######...   91%         8    #......
 Disjunction              Tloc           #######...   93%         8    #......
 Borgnjor's Revivificati  Necr           ######....   95%         8    #......
 Summon Greater Demon     Summ           #####.....   100%        7    None
 Dragon's Call            Summ           #####.....   100%        9    ####...
 Fire Storm               Conj/Fire      #######...   100%        9    ####...
 Shatter                  Erth           #####.....   100%        9    ####...


Dungeon Overview and Level Annotations

Branches:
Dungeon (1/1)

Altars:
Cheibriados
Dithmenos
Elyvilon
Fedhas
Gozag
Hepliaklqana
Kikubaaqudgha
Makhleb
Nemelex Xobeh
Okawaru
Qazlal
Ru
Sif Muna
Trog
Uskayaw
Vehumet
Wu Jian
Xom
Yredelemnul
Zin
The Shining One
Beogh
Jiyva
Lugonu

Shops:
D *(([


Message History

Casting: Conjure Ball Lightning (safe; 1% risk of failure)
Confirm with . or Enter, or press ? or * to list all spells.
You hear a mighty clap of thunder!
The lightning arc hits something.
Sif Muna accepts your kill.
You feel a bit more experienced. The lightning arc hits you!
The lightning arc hits your ball lightning.
Your ball lightning completely resists.
The lightning arc hits you! You resist.
* * * LOW HITPOINT WARNING * * *
The lightning arc hits your ball lightning.
Your ball lightning completely resists.
The lightning arc hits you!
The lightning arc hits your ball lightning.
Your ball lightning completely resists.
The lightning arc hits you!
You hear a shout!
Your ball lightning explodes!
The blast of lightning engulfs you! You resist.
You die...

)(†...([)..(([[.[[[[[.))))))))...
▓▓▓▓▓▓▓▓▓▓▓▓▓▓▓▓▓▓▓▓▓▓▓▓▓▓▓▓▓▓▓▓▓
..............)....).............
▓▓▓▓▓▓▓▓▓▓▓▓▓▓▓▓▓▓▓▓♣♣♣♣♣♣♣♣♣♣▓▓▓
...†.....†...††...['(.)))(...÷.†)
▓▓▓▓▓▓▓▓▓▓▓▓▓▓▓▓▓▓▓▓♣♣♣♣♣♣♣♣♣♣▓▓▓
..............................†..
▓▓▓▓▓▓▓▓▓▓▓▓▓▓▓▓▓▓▓▓▓▓▓▓▓▓▓▓▓▓▓▓▓
....).)).†(...@........).)..[((
▓▓▓▓▓▓▓▓▓▓▓▓▓▓▓▓▓▓▓▓▓▓▓▓▓▓▓▓▓▓▓


There were no monsters in sight!

Vanquished Creatures
  2 frost giants (D)
  A very ugly thing (D)
  4 stone giants (D)
  A dire elephant (D)
  An ettin (D)
  3 fire dragons (D)
  4 great orbs of eyes (D)
  An ice dragon (D)
  A hydra (D)
  2 naga warriors (D)
  2 anacondas (D)
  Erica (D)
  2 two-headed ogres (D)
  2 deep troll shamans (D)
  3 ogre magi (D)
  A deep troll earth mage (D)
  2 orc high priests (D)
  Nergalle (D)
  Urug (D)
  An iron troll (D)
  A hell knight (D)
  A fire crab (shapeshifter) (D)
  2 spriggan druids (D)
  A salamander mystic (D)
  A sea snake (D)
  4 deep trolls (D)
  A wizard (D)
  An unseen horror (D)
  A necromancer (D)
  2 orc knights (D)
  A lindwurm (shapeshifter) (D)
  An ugly thing (D)
  A wolf spider (D)
  Maurice (D)
  Psyche (D)
  8 elephants (D)
  A moth of wrath (D)
  A water nymph (D)
  A merfolk siren (D)
  2 spiny frogs (D)
  Joseph (D)
  A vault sentinel (D)
  3 black mambas (D)
  2 yaktaurs (D)
  An efreet (D)
  2 komodo dragons (D)
  A freezing wraith (D)
  2 merfolk (D)
  A tengu conjurer (D)
  3 jumping spiders (D)
  5 trolls (D)
  3 tyrant leeches (D)
  2 hornets (D)
  A slime creature (D)
  A bog body (D)
  A blink frog (D)
  2 hippogriffs (D)
  3 snapping turtles (D)
  A redback (D)
  2 tarantellas (D)
  A wyvern (shapeshifter) (D)
  2 yaks (D)
  A vampire mosquito (D)
  A hungry ghost (D)
  A water elemental (D)
  2 nagas (D)
  3 porcupines (D)
  2 swamp drakes (D)
  10 orc warriors (D)
  A wolf (D)
  A centaur (D)
  3 crocodiles (D)
  A bullfrog (D)
  A killer bee (D)
  A crimson imp (D)
  3 hounds (D)
  A quasit (D)
  2 orc wizards (D)
  2 orc priests (D)
  A jelly (D)
  2 worker ants (D)
  A shadow imp (D)
  An ooze (D)
  9 orcs (D)
  A bat (D)
  A giant cockroach (D)
  A goblin (D)
  A jackal (D)
  A leopard gecko skeleton (D)
  2 rats (D)
167 creatures vanquished.

Vanquished Creatures (others)
  106 ball lightnings (D)
106 creatures vanquished.

Grand Total: 273 creatures vanquished

Notes
Turn   | Place    | Note
-------+----------+-------------------------------------------
     0 | D        | emperorscorpion the Deep Elf Air Elementalist began the
                  | quest for the Orb.
     0 | D        | Reached XP level 1. HP: 10/10 MP: 6/6
    20 | D        | Noticed a crimson imp
    20 | D        | Noticed a worker ant
    24 | D        | Killed a worker ant
    24 | D        | Reached skill level 5 in Spellcasting
    24 | D        | Reached skill level 5 in Air Magic
    24 | D        | Reached XP level 2. HP: 15/15 MP: 3/10
    24 | D        | Reached XP level 3. HP: 19/19 MP: 3/12
    34 | D        | Reached skill level 6 in Spellcasting
    35 | D        | Reached skill level 7 in Spellcasting
    36 | D        | Reached XP level 4. HP: 19/24 MP: 4/15
    46 | D        | Found a roughly hewn altar of Beogh.
    46 | D        | Found a snail-covered altar of Cheibriados.
    46 | D        | Found a shadowy altar of Dithmenos.
    46 | D        | Found a white marble altar of Elyvilon.
    46 | D        | Found a blossoming altar of Fedhas.
    46 | D        | Found an opulent altar of Gozag.
    47 | D        | Found a hazy altar of Hepliaklqana.
    48 | D        | Found a viscous altar of Jiyva.
    49 | D        | Found an ancient bone altar of Kikubaaqudgha.
    50 | D        | Found a corrupted altar of Lugonu.
    51 | D        | Found a burning altar of Makhleb.
    52 | D        | Found a sparkling altar of Nemelex Xobeh.
    53 | D        | Found an iron altar of Okawaru.
    54 | D        | Found a stormy altar of Qazlal.
    55 | D        | Found a sacrificial altar of Ru.
    56 | D        | Found a deep blue altar of Sif Muna.
    57 | D        | Found a bloodstained altar of Trog.
    58 | D        | Found a hide-covered altar of Uskayaw.
    59 | D        | Found a radiant altar of Vehumet.
    60 | D        | Found an ornate altar of the Wu Jian Council.
    61 | D        | Found a shimmering altar of Xom.
    62 | D        | Found a basalt altar of Yredelemnul.
    63 | D        | Found a glowing silver altar of Zin.
    64 | D        | Became a worshipper of Sif Muna the Loreminder
    65 | D        | Found a glowing golden altar of the Shining One.
   110 | D        | Learned a level 2 spell: Swiftness
   115 | D        | Learned a level 4 spell: Airstrike
   116 | D        | Noticed a centaur
   116 | D        | Noticed a hippogriff
   116 | D        | Noticed a hippogriff
   135 | D        | Reached skill level 1 in Invocations
   147 | D        | Killed a hippogriff
   147 | D        | Reached * piety under Sif Muna
   147 | D        | Reached ** piety under Sif Muna
   147 | D        | Reached skill level 10 in Spellcasting
   147 | D        | Reached XP level 5. HP: 20/28 MP: 12/19
   147 | D        | Reached XP level 6. HP: 23/32 MP: 13/21
   147 | D        | Killed a hippogriff
   147 | D        | Reached skill level 11 in Spellcasting
   147 | D        | Reached skill level 10 in Air Magic
   147 | D        | Reached skill level 5 in Invocations
   149 | D        | Reached *** piety under Sif Muna
   174 | D        | Reached skill level 12 in Spellcasting
   174 | D        | Reached XP level 7. HP: 17/36 MP: 4/24
   191 | D        | Learned a level 5 spell: Lightning Bolt
   197 | D        | Noticed a troll
   197 | D        | Noticed a hungry ghost
   222 | D        | Killed a hungry ghost
   222 | D        | Reached **** piety under Sif Muna
   222 | D        | Reached skill level 13 in Spellcasting
   226 | D        | Killed a troll
   226 | D        | Reached ***** piety under Sif Muna
   226 | D        | Reached skill level 14 in Spellcasting
   226 | D        | Reached XP level 8. HP: 25/41 MP: 3/28
   362 | D        | Noticed a spiny frog
   362 | D        | Noticed a blink frog
   362 | D        | Noticed a komodo dragon
   366 | D        | Killed a komodo dragon
   366 | D        | Identified Sif Muna's Incunabulum of Destructive Creation
                  | (Sif Muna gifted it to you in the Dungeon)
   366 | D        | Received a gift from Sif Muna
   366 | D        | Killed a blink frog
   366 | D        | Reached skill level 15 in Spellcasting
   370 | D        | Reached skill level 5 in Conjurations
   370 | D        | Killed a spiny frog
   370 | D        | Received a gift from Sif Muna
   370 | D        | Reached skill level 16 in Spellcasting
   370 | D        | Reached XP level 9. HP: 45/45 MP: 3/31
   371 | D        | Noticed a seven-headed hydra
   376 | D        | Noticed a spiny frog
   379 | D        | Killed a seven-headed hydra
   379 | D        | Reached skill level 17 in Spellcasting
   380 | D        | Killed a spiny frog
   381 | D        | Reached skill level 18 in Spellcasting
   400 | D        | Noticed a black mamba
   400 | D        | Noticed an elephant
   409 | D        | Identified Sif Muna's Grimoire of Necromancy and the
                  | Snowflakes (Sif Muna gifted it to you in the Dungeon)
   409 | D        | Received a gift from Sif Muna
   409 | D        | Reached skill level 10 in Invocations
   409 | D        | Killed an elephant
   409 | D        | Killed a black mamba
   409 | D        | Reached XP level 10. HP: 50/50 MP: 23/34
   411 | D        | Reached skill level 19 in Spellcasting
   418 | D        | Learned a level 5 spell: Dispel Undead
   419 | D        | Reached skill level 1 in Necromancy
   429 | D        | Identified Sif Muna's Papyrus of the Damaging Oath (Sif
                  | Muna gifted it to you in the Dungeon)
   429 | D        | Received a gift from Sif Muna
   447 | D        | Learned a level 5 spell: Excruciating Wounds
   454 | D        | Noticed an elephant
   454 | D        | Noticed a dire elephant
   454 | D        | Noticed an elephant
   454 | D        | Noticed an elephant
   454 | D        | Noticed an elephant
   454 | D        | Noticed an elephant
   462 | D        | Killed an elephant
   462 | D        | Reached skill level 1 in Charms
   464 | D        | Killed an elephant
   476 | D        | Killed an elephant
   480 | D        | Killed a dire elephant
   480 | D        | Reached skill level 20 in Spellcasting
   482 | D        | Killed an elephant
   482 | D        | Reached skill level 5 in Charms
   483 | D        | Killed an elephant
   483 | D        | Identified Sif Muna's Volume of Weightlessness and
                  | Conjuration (Sif Muna gifted it to you in the Dungeon)
   483 | D        | Received a gift from Sif Muna
   483 | D        | Reached skill level 5 in Necromancy
   501 | D        | Noticed an elephant
   505 | D        | Killed an elephant
   507 | D        | Noticed an elephant
   510 | D        | Killed an elephant
   510 | D        | Reached XP level 11. HP: 33/54 MP: 17/37
   575 | D        | Noticed Psyche
   579 | D        | Killed Psyche
   606 | D        | Noticed Joseph
   609 | D        | Killed Joseph
   645 | D        | Identified Sif Muna's Catalogue of Combat Magic and the
                  | Volcanoes (Sif Muna gifted it to you in the Dungeon)
   645 | D        | Received a gift from Sif Muna
   682 | D        | Noticed an orc high priest
   686 | D        | Killed an orc high priest
   686 | D        | Reached skill level 21 in Spellcasting
   688 | D        | Noticed an orc high priest
   689 | D        | Killed an orc high priest
   689 | D        | Identified Sif Muna's Reference Book on Protection and
                  | Bewitchment (Sif Muna gifted it to you in the Dungeon)
   689 | D        | Received a gift from Sif Muna
   690 | D        | Reached ****** piety under Sif Muna
   703 | D        | Reached skill level 10 in Conjurations
   721 | D        | Found Padyruav's Armour Boutique.
   721 | D        | Noticed a deep troll
   721 | D        | Noticed an iron troll
   721 | D        | Noticed an ettin
   721 | D        | Noticed an ogre mage
   726 | D        | Noticed a deep troll
   727 | D        | Killed an ogre mage
   727 | D        | Killed a deep troll
   728 | D        | Killed an iron troll
   728 | D        | Reached skill level 22 in Spellcasting
   728 | D        | Killed a deep troll
   736 | D        | Killed an ettin
   736 | D        | Received a gift from Sif Muna
   741 | D        | Noticed a deep troll
   745 | D        | Killed a deep troll
   750 | D        | Noticed an ogre mage
   752 | D        | Reached skill level 23 in Spellcasting
   752 | D        | Killed an ogre mage
   752 | D        | Reached XP level 12. HP: 30/59 MP: 13/41
   754 | D        | Noticed an ogre mage
   760 | D        | Killed an ogre mage
   776 | D        | Found Nexze's Antique Weapon Shop.
   780 | D        | Found Ina Noy's Antique Weapon Boutique.
   784 | D        | Found Puvvuczam's Assorted Antiques.
   796 | D        | Bought a potion of haste for 270 gold pieces
   796 | D        | Bought a scroll labeled KONI KIQUROQ for 27 gold pieces
   796 | D        | Bought a scroll labeled PUOLUUS XOYLA for 27 gold pieces
   798 | D        | Bought a warped falchion for 200 gold pieces
   798 | D        | Bought a fine arbalest for 237 gold pieces
   802 | D        | Bought the +2 helmet "Vayhugism" {rElec Dex+6} for 534 gold
                  | pieces
   802 | D        | Bought a +1 pair of boots of flying for 214 gold pieces
   822 | D        | Identified the +6 falchion of Ashenzari's Generosity
                  | {slice, rElec rC+ MR+ Int+2} (You bought it in a shop in
                  | the Dungeon)
   823 | D        | Identified the cursed +2 arbalest "Dorrub" {velocity, rC+
                  | rN+} (You bought it in a shop in the Dungeon)
   861 | D        | Learned a level 6 spell: Deflect Missiles
   869 | D        | Learned a level 6 spell: Conjure Ball Lightning
   893 | D        | Noticed Urug
   903 | D        | Killed Urug
   903 | D        | Identified Sif Muna's Incunabulum of Attacks (Sif Muna
                  | gifted it to you in the Dungeon)
   903 | D        | Received a gift from Sif Muna
  1016 | D        | Noticed a two-headed ogre
  1020 | D        | Killed a two-headed ogre
  1020 | D        | Reached skill level 24 in Spellcasting
  1029 | D        | Reached skill level 15 in Invocations
  1033 | D        | Noticed a stone giant
  1034 | D        | Killed a stone giant
  1042 | D        | Noticed a brown very ugly thing
  1049 | D        | Noticed a two-headed ogre
  1050 | D        | Killed a brown very ugly thing
  1053 | D        | Killed a two-headed ogre
  1053 | D        | Identified Honoat's Volume of Displaced Summoning (Sif Muna
                  | gifted it to you in the Dungeon)
  1053 | D        | Received a gift from Sif Muna
  1053 | D        | Reached skill level 25 in Spellcasting
  1062 | D        | Noticed a deep troll earth mage
  1064 | D        | Killed a deep troll earth mage
  1066 | D        | Noticed a deep troll shaman
  1069 | D        | Killed a deep troll shaman
  1070 | D        | Noticed a stone giant
  1075 | D        | Killed a stone giant
  1155 | D        | Noticed Maurice
  1161 | D        | Killed Maurice
  1161 | D        | Received a gift from Sif Muna
  1161 | D        | Reached skill level 26 in Spellcasting
  1161 | D        | Noticed Nergalle
  1168 | D        | Killed Nergalle
  1238 | D        | Reached XP level 13. HP: 26/63 MP: 9/45
  1291 | D        | Identified Dispater's Almanac of Earth and Calling (Sif
                  | Muna gifted it to you in the Dungeon)
  1291 | D        | Received a gift from Sif Muna
  1292 | D        | Reached skill level 27 in Spellcasting
  1309 | D        | Reached skill level 15 in Conjurations
  1311 | D        | Identified Sif Muna's Almanac of the Creative Frostbite
                  | (Sif Muna gifted it to you in the Dungeon)
  1311 | D        | Received a gift from Sif Muna
  1334 | D        | Learned a level 4 spell: Force Lance
  1336 | D        | Reached skill level 1 in Translocations
  1336 | D        | Reached skill level 1 in Fighting
  1407 | D        | HP: 1/68 [moth of wrath[a spriggan druid] (15)]
  1462 | D        | Received a gift from Sif Muna
  1487 | D        | Noticed Erica
  1494 | D        | Killed Erica
  1585 | D        | Noticed a fire dragon
  1585 | D        | Noticed a frost giant
  1585 | D        | Noticed a stone giant
  1585 | D        | Noticed a stone giant
  1595 | D        | Killed a stone giant
  1598 | D        | Reached skill level 5 in Translocations
  1604 | D        | Killed a stone giant
  1610 | D        | Killed a frost giant
  1624 | D        | Killed a fire dragon
  1628 | D        | Identified Lehudib's Compendium of Confrontation (Sif Muna
                  | gifted it to you in the Dungeon)
  1628 | D        | Received a gift from Sif Muna
  1633 | D        | Reached skill level 5 in Fighting
  1648 | D        | Learned a level 8 spell: Chain Lightning
  1651 | D        | Noticed a fire dragon
  1653 | D        | Killed a fire dragon
  1662 | D        | Reached XP level 14. HP: 49/78 MP: 25/47
  1667 | D        | Reached skill level 15 in Air Magic
  1673 | D        | Noticed a frost giant
  1676 | D        | Killed a frost giant
  1676 | D        | Identified Sif Muna's Volume of Supportive Conjuration (Sif
                  | Muna gifted it to you in the Dungeon)
  1676 | D        | Received a gift from Sif Muna
  1683 | D        | HP: 4/80 [chain lightning (2)]
  1732 | D        | Killed by an exploding ball lightning

Vault maps used:
D:        linesprint

Skill      XL: |  1  2  3  4  5  6  7  8  9 10 11 12 13 14 |
---------------+-------------------------------------------+-----
Air Magic      | 5 6 9 10 11 12 13 14 15 | 15.4
Spellcasting   | 5 7 10 12 14 16 18 20 23 26 27 | 27.0
Invocations    | 4 6 7 8 10 12 14 16 18 19 | 19.4
Conjurations   | 2 3 4 5 7 9 11 13 17 18 | 18.2
Necromancy     | 5 7 |  7.6
Charms         | 6 8 |  8.8
Translocations | 7 8 |  8.0
Fighting       | 5 6 |  6.4
Dodging        | |  2.4
Stealth        | |  2.4

Action                   |  1- 3 |  4- 6 |  7- 9 | 10-12 | 13-15 || total
-------------------------+-------+-------+-------+-------+-------++-------
Melee: Dagger            |    15 |     1 |       |       |       ||    16
       Rapier            |       |     3 |       |     3 |       ||     6
       Falchion          |       |       |       |       |     3 ||     3
 Cast: Shock             |     4 |     9 |     2 |       |       ||    15
       Swiftness         |       |     1 |     3 |     4 |     4 ||    12
       Airstrike         |       |     2 |       |       |     1 ||     3
       Lightning Bolt    |       |       |    21 |    80 |    29 ||   130
       Conjure Ball Ligh |       |       |       |    21 |    27 ||    48
       Deflect Missiles  |       |       |       |     1 |       ||     1
       Chain Lightning   |       |       |       |       |    12 ||    12
Invok: Channel Magic     |       |       |     4 |    11 |     7 ||    22
Evoke: Wand              |       |     2 |       |       |       ||     2
  Use: Potion            |     1 |       |       |       |     1 ||     2
       Scroll            |       |       |       |     3 |       ||     3
  Eat: Chunk             |       |       |       |     6 |     4 ||    10
Armor: Robe              |     4 |     1 |     1 |     7 |       ||    13
       Troll leather arm |       |       |       |     1 |    15 ||    16
Dodge: Dodged            |    10 |     7 |     1 |     8 |     9 ||    35
       Deflected         |       |       |       |     3 |     7 ||    10
       Rpst.: Falchion   |       |       |       |     1 |       ||     1

Table legend:
 A = Non-vault XP
 B = Vault XP
 C = Vault XP percentage of total XP
 D = Non-vault monster count
 E = Vault monster count
 F = Vault count percentage of total count
                 A         B        C        D         E       F
            +---------+---------+-------+---------+---------+-------
      Total |       0 |   74008 | 100.0 |       0 |     167 | 100.0
            +---------+---------+-------+---------+---------+-------
          D |       0 |   74008 | 100.0 |       0 |     167 | 100.0
            +---------+---------+-------+---------+---------+-------
